 Dungeon Crawl Stone Soup version 0.30.1-4-g462c640d31 (webtiles) character file.

Game seed: 15993421365932540871

413 safid the Chiller (level 6, -3/48 HPs)
             Began as a Merfolk Ice Elementalist on Aug 10, 2023.
             Slain by Menkaure (9 damage)
             ... on level 4 of the Dungeon.
             The game lasted 00:05:29 (3757 turns).

safid the Chiller (Merfolk Ice Elementalist)        Turns: 3757, Time: 00:05:30

Health: -3/48      AC: 10    Str:  8    XL:     6   Next: 91%
Magic:  5/12       EV: 13    Int: 17    God:
Gold:   230        SH:  0    Dex: 20    Spells: 6/13 levels left

rFire   . . .        w - +0 dagger (venom)
rCold   . . .        (no shield)
rNeg    . . .        a - +0 robe
rPois   .            (no helmet)
rElec   .            (no cloak)
rCorr   .            i - +0 pair of gloves
SInv    .            t - +0 pair of boots
Will    .....        (no amulet)
Stlth   ++           q - +6 ring of dexterity
HPRegen 0.28/turn    (no ring)
MPRegen 0.13/turn

%: no passive effects
@: ice-armoured, freezing walls
A: (nimble swimmer 2), mertail
a: no special abilities


You were on level 4 of the Dungeon.
You visited 1 branch of the dungeon, and saw 4 of its levels.

You collected 230 gold pieces.

Inventory:

Hand Weapons
 w - a +0 dagger of venom (weapon)
Armour
 a - a +0 robe (worn)
 i - a +0 pair of gloves (worn)
 t - a +0 pair of boots (worn)
Jewellery
 q - a +6 ring of dexterity (left hand)
 y - an amulet of magic regeneration
Wands
 c - a wand of digging (8)
Scrolls
 d - a scroll of enchant armour {unknown}
 g - 3 scrolls of identify {unknown}
 h - 3 scrolls of teleportation {unknown}
 k - a scroll of fear {unknown}
 m - a scroll of immolation {unknown}
 n - a scroll of magic mapping {unknown}
 o - a scroll of noise {unknown}
 p - 3 scrolls of blinking {unknown}
 r - a scroll of amnesia {unknown}
 s - a scroll of vulnerability {unknown}
 u - a scroll of torment {unknown}
Potions
 b - a potion of magic
 e - a potion of mutation {unknown}
 f - 3 potions of might {unknown}
 j - 2 potions of curing {unknown}
 l - a potion of degeneration {unknown}
 v - a potion of heal wounds {unknown}
 x - a potion of attraction {unknown}
 z - a potion of flight {unknown}


   Skills:
 + Level 4.0 Fighting
 - Level 2.6 Dodging
 - Level 2.1 Stealth
 + Level 4.0 Spellcasting
 + Level 6.2 Ice Magic


You had 6 spell levels left.
You knew the following spells:

 Your Spells              Type           Power      Damage    Failure   Level
a - Freeze                Ice            96%        1d10      1%          1
b - Frozen Ramparts       Ice            48%        1d8       3%          3
c - Ozocubu's Armour      Ice            24%        N/A       3%          3

Your spell library contained the following spells:

 Spells                   Type           Power      Damage    Failure   Level
 Summon Small Mammal      Summ           12%        N/A       16%         1
 Summon Ice Beast         Ice/Summ       14%        N/A       41%         4
 Call Canine Familiar     Summ           3%         N/A       43%         3
 Summon Guardian Golem    Hex/Summ       3%         N/A       43%         3


Dungeon Overview and Level Annotations

Branches:
Dungeon (4/15)
 Temple: D:4-7

Altars:
Elyvilon
Kikubaaqudgha

Annotations:
D:3 1 runed translucent door, Crazy Yiuf
D:4 Menkaure


Innate Abilities, Weirdness & Mutations

((You are very nimble when in or above water. (Stealth+, EV+, Speed+++)))
Your lower body shifts to a powerful aquatic tail in water.


Message History

There is an open door here.
You open the door.
There is an open door here.
You open the door.
There is an open door here.
Found a stone staircase leading down.
There is a stone staircase leading down here.
Menkaure, Prince of Dust comes into view.
Menkaure is nearby!
Menkaure gestures at you while chanting.
Pain shoots through your body! Menkaure hits you!!
Casting: Ozocubu's Armour (dangerous; 3% risk of failure)
Confirm with . or Enter, or press ? or * to list all spells.
Casting: Frozen Ramparts (dangerous; 3% risk of failure)
Press: ? - help, Dir - look around, f - activate The walls around you are covered in ice.
Menkaure completely resists.
The wall freezes Menkaure but does no damage.
Menkaure barely misses you.
Unknown command.
Casting: Frozen Ramparts (dangerous; 3% risk of failure)
Confirm with . or Enter, or press ? or * to list all spells.
A film of ice covers your body!
Menkaure resists.
The wall freezes Menkaure.
Menkaure gestures wildly while chanting.
Menkaure seems to speed up.
Menkaure resists.
The wall freezes Menkaure.
Menkaure hits you!
* * * LOW HITPOINT WARNING * * *
Unknown command.
Unknown command.
Casting: Ozocubu's Armour (dangerous; 3% risk of failure)
Confirm with . or Enter, or press ? or * to list all spells.
Aiming: Freeze (safe; 1% risk of failure)
Press: ? - help, Shift-Dir - straight line, f - Menkaure
Aim: Menkaure (moderately damaged, fast)
You freeze Menkaure.
Menkaure resists.
Menkaure is heavily damaged.
The wall freezes Menkaure but does no damage.
Menkaure hits you!
You die...

# #.# ## #.# .# #########
#.#######.# '####.......#
#.......#.#
....#######.##########.#.#
....#...................>#
.≈..#######.#.######.#.#.###
≈...# #.#.######.#.....#
.≈..# ###'#.#.@..#.###.#.#
≈≈..# #.....#M##.#.#...#.#
....# #.....#. #.#.#.###.#
....# #.....#. #.....# #.#
'#### #.....#. #...### #.#
..#######.....#.##...#####.#
####....'..........#.#...#.#
#.####.....#.#..#.##..#.#
####'## #.....#......##..#.#


You could see Menkaure (fast).

Vanquished Creatures
  Sigmund (D:3)
  A scorpion (D:4)
  Jessica (D:3)
  An iguana (D:4)
  7 adders
  A worm (D:2)
  4 dart slugs
  An orc (D:4)
  6 endoplasms
  4 giant cockroaches
  12 goblins
  7 hobgoblins
  3 jackals (D:2)
  2 quokkas
  5 ball pythons
  3 bats
  6 frilled lizards
  4 kobolds
  6 rats
75 creatures vanquished.

Notes
Turn   | Place    | Note
-------+----------+-------------------------------------------
     0 | D:1      | safid the Merfolk Ice Elementalist began the quest for the
                  | Orb.
     0 | D:1      | Reached XP level 1. HP: 13/13 MP: 3/3
   208 | D:1      | Reached XP level 2. HP: 19/20 MP: 1/5
   316 | D:1      | Reached skill level 1 in Fighting
   618 | D:1      | Reached XP level 3. HP: 25/26 MP: 6/6
  1164 | D:2      | Found a faded altar of an unknown god.
  1272 | D:2      | Reached skill level 5 in Ice Magic
  1772 | D:2      | Reached XP level 4. HP: 33/33 MP: 4/8
  1821 | D:2      | Learned a level 3 spell: Frozen Ramparts
  1825 | D:2      | Learned a level 3 spell: Ozocubu's Armour
  2447 | D:3      | Noticed Sigmund
  2588 | D:3      | Reached XP level 5. HP: 39/39 MP: 4/9
  2665 | D:3      | Found a white marble altar of Elyvilon.
  2763 | D:3      | Killed Sigmund
  2764 | D:3      | Reached XP level 6. HP: 35/47 MP: 1/11
  2879 | D:3      | Noticed Jessica
  2880 | D:3      | Reached skill level 6 in Ice Magic
  2884 | D:3      | Killed Jessica
  3085 | D:3      | Found a runed translucent door.
  3086 | D:3      | Noticed Crazy Yiuf
  3334 | D:4      | Found an ancient bone altar of Kikubaaqudgha.
  3751 | D:4      | Noticed Menkaure
  3757 | D:4      | Slain by Menkaure

Illustrated notes

Levels and vault maps discovered:
D:1:      dpeg_arrival_solitude, layout_basic, st_stairs_1
D:2:      layout_basic, shapermc_ecumenical_altar_mp_ritualfount,
          kennysheep_cross_room, minmay_misc_feat_iff
D:3:      layout_rooms, mainiacjoe_overflow_paths, uniq_crazy_yiuf_cottage,
          uniq_sigmund, uniq_jessica
D:4:      layout_basic, nicolae_kikubaaqudgha_miasma_corner,
          grunt_decor_mini_mirrors, kennysheep_generic_room_4, uniq_menkaure

Skill      XL: |  1  2  3  4  5  6 |
---------------+-------------------+-----
Fighting       | 1 2 3 4 |  4.0
Ice Magic      | 5 6 |  6.2
Spellcasting   | 3 4 |  4.0
Dodging        | |  2.6
Stealth        | |  2.1

Action                     |  1- 3 |  4- 6 || total
---------------------------+-------+-------++-------
  Melee: Spear             |   118 |    74 ||   192
         Dagger            |       |     8 ||     8
   Cast: Freeze            |    24 |    32 ||    56
         Frozen Ramparts   |       |     4 ||     4
         Ozocubu's Armour  |       |     3 ||     3
   Stab: Sleeping          |     6 |     3 ||     9
 Armour: Robe              |    20 |    28 ||    48
  Dodge: Dodged            |    57 |    68 ||   125
